 Dungeon Crawl Stone Soup version 0.26-a0-1181-gd376ed14c5 (webtiles) character file.

Game seed: 136934350600732502

1792 Mesmaeker13 the Quickloader (level 8, -1/76 HPs)
             Began as a Deep Dwarf Hunter on Dec 25, 2020.
             Slain by an orc warrior
             ... wielding a +0 battleaxe
              (15 damage)
             ... on level 7 of the Dungeon.
             The game lasted 00:12:19 (5421 turns).

Mesmaeker13 the Quickloader (Deep Dwarf Hunter)     Turns: 5421, Time: 00:12:20

Health: -1/76      AC: 13    Str: 18    XL:     8   Next: 82%
Magic:  0/6        EV:  6    Int: 11    God:
Gold:   440        SH: 11    Dex: 14    Spells: 7/7 levels left

rFire    . . .     SeeInvis .   b - +3 dagger (venom)
rCold    . . .     Faith    .   p - +2 kite shield
rNeg     . . .     Spirit   +   h - +1 chain mail
rPois    .         Reflect  .   A - +0 helmet
rElec    .         Harm     .   (no cloak)
rCorr    .         Rampage  .   z - +0 pair of gloves
Will     +....                  (no boots)
Stlth    ..........             w - amulet of guardian spirit
HPRegen  0.00/turn              (no ring)
MPRegen  0.10/turn              i - ring of wizardry

@: non-regenerating
A: damage resistance, heal wounds, sense surroundings 1, no regeneration
a: Heal Wounds


You were on level 7 of the Dungeon.
You visited 1 branch of the dungeon, and saw 7 of its levels.

You collected 440 gold pieces.

Inventory:

Hand Weapons
 a - a +3 hand crossbow
 b - a +3 dagger of venom (weapon)
 o - a +0 mace
Missiles
 d - 18 bolts
 f - 4 silver boomerangs
 u - 7 javelins
Armour
 h - a +1 chain mail (worn)
 p - a +2 kite shield (worn)
 z - a +0 pair of gloves (worn)
 A - a +0 helmet (worn)
Jewellery
 i - a ring of wizardry (right hand)
 w - an amulet of guardian spirit (around neck)
Wands
 j - a wand of iceblast (2)
Scrolls
 c - 3 scrolls of enchant armour
 e - a scroll of fog
 m - a scroll of immolation {unknown}
 r - a scroll of magic mapping
 s - a scroll of identify
 y - 2 scrolls of fear
 B - a scroll of remove curse
Potions
 g - 2 potions of flight
 k - a potion of might
 l - 3 potions of curing
 n - a potion of heal wounds {unknown}
 q - a potion of lignification {unknown}
 t - a potion of mutation {unknown}
 v - a potion of ambrosia {unknown}
 x - 2 potions of brilliance {unknown}
 C - 2 potions of magic {unknown}


   Skills:
 + Level 5.9 Fighting
 + Level 8.1 Crossbows
 + Level 6.1 Armour
 - Level 3.3 Dodging
 - Level 1.2 Stealth
 + Level 3.8 Shields


You had 7 spell levels left.
You didn't know any spells.
Your spell library contained the following spells:

 Spells                   Type           Power        Failure   Level
 Magic Dart               Conj           0%           99%         1
 Blink                    Tloc           N/A          100%        2
 Call Imp                 Summ           0%           100%        2
 Slow                     Hex            0%           100%        2
 Conjure Flame            Conj/Fire      0%           100%        3
 Mephitic Cloud           Conj/Pois/Air  0%           100%        3


Dungeon Overview and Level Annotations

Branches:
Dungeon (7/15)
 Temple: D:4-7

Altars:
Cheibriados
Dithmenos
Fedhas
Nemelex Xobeh
The Shining One


Innate Abilities, Weirdness & Mutations

You are resistant to damage.
You can heal yourself by infusing magical energy.
You passively map a small area around you.
You do not regenerate.


Message History

b - a +3 dagger of venom (weapon)
The orc warrior hits you with a +0 battleaxe!
* * * LOW HITPOINT WARNING * * *
You hit the orc warrior.
The orc warrior is severely wounded.
The orc warrior barely misses you.
You hit the orc warrior but do no damage.
The orc warrior is severely wounded.
Okay, then.
You feel much better. You block the orc warrior's attack.
You hit the orc warrior but do no damage.
The orc warrior is poisoned.
The orc warrior is severely wounded.
The orc warrior hits you with a +0 battleaxe!!
* * * LOW HITPOINT WARNING * * *
You hit the orc warrior but do no damage.
The orc warrior looks as sick as possible!
The orc warrior is severely wounded.
The orc warrior hits you with a +0 battleaxe!
You die...

#...#....!.....(........
#.......(. #..<# ,
##........#.....(## * *
.........(#.#.##. ,
?....J....#.# .., *
...(og.<.(#. *#.# ***
.o.o#####....... * .
#o#####. , * * , ####@#
#<#.* * , #...)###.# , ,
#....)##.#######
#.....###.)........#
#..##. #.##.#.###.# *
#.,*#. #........ , * ..
, #. #....##### .* ..
....... , , ,, * *
#.######.# *


You could see an orc warrior (extremely poisoned).

Vanquished Creatures
  A water moccasin (D:6)
  2 orc warriors (D:6)
  A sky beast (D:5)
  An ice beast (D:6)
  2 centaurs
  A necrophage (D:6)
  2 bullfrogs
  2 bullfrog zombies (D:6)
  A howler monkey (D:5)
  A hound (D:5)
  A centaur zombie (D:5)
  5 orc priests
  2 iguanas
  3 orc wizards
  Terence (D:3)
  Jessica (D:3)
  A centaur skeleton (D:4)
  4 worker ants
  A worker ant zombie (D:5)
  7 gnolls
  11 adders
  A shadow imp (D:5)
  2 white imps
  An ufetubus (D:6)
  An adder zombie (D:5)
  4 oozes
  2 adder skeletons (D:4)
  A dart slug (D:2)
  5 leopard geckos
  18 orcs
  5 giant cockroaches
  7 goblins
  4 hobgoblins
  6 kobolds (D:1)
  A quokka (D:2)
  A ball python (D:3)
  8 bats
  8 frilled lizards
  5 rats
131 creatures vanquished.

Notes
Turn   | Place    | Note
-------+----------+-------------------------------------------
     0 | D:1      | Mesmaeker13 the Deep Dwarf Hunter began the quest for the
                  | Orb.
     0 | D:1      | Reached XP level 1. HP: 19/19 MP: 1/1
   374 | D:1      | Reached XP level 2. HP: 19/26 MP: 2/2
  1002 | D:2      | Reached XP level 3. HP: 29/33 MP: 3/3
  1107 | D:2      | Found a snail-covered altar of Cheibriados.
  1201 | D:2      | Found a glowing golden altar of the Shining One.
  1343 | D:2      | Reached skill level 5 in Crossbows
  1358 | D:2      | Reached XP level 4. HP: 25/40 MP: 4/4
  1944 | D:3      | Reached skill level 1 in Armour
  2061 | D:3      | Noticed Jessica
  2072 | D:3      | Killed Jessica
  2073 | D:3      | Reached XP level 5. HP: 28/49 MP: 4/4
  2132 | D:3      | Found a blossoming altar of Fedhas.
  2139 | D:3      | You fall into a shaft and drop 3 floors!
  2148 | D:6      | Noticed an ice beast
  2163 | D:6      | Killed an ice beast
  2333 | D:6      | Reached XP level 6. HP: 45/56 MP: 5/5
  2516 | D:6      | Reached skill level 6 in Crossbows
  2546 | D:5      | Entered Level 5 of the Dungeon
  2777 | D:5      | Noticed a sky beast
  2787 | D:5      | Killed a sky beast
  2788 | D:5      | Reached XP level 7. HP: 26/64 MP: 0/6
  3067 | D:3      | Noticed Terence
  3077 | D:3      | Killed Terence
  3603 | D:4      | Reached skill level 7 in Crossbows
  3945 | D:4      | Reached skill level 5 in Fighting
  4083 | D:5      | Reached skill level 1 in Shields
  4443 | D:6      | Reached skill level 5 in Armour
  4443 | D:6      | Reached XP level 8. HP: 36/74 MP: 0/6
  4717 | D:5      | Found a sparkling altar of Nemelex Xobeh.
  5234 | D:7      | Found a shadowy altar of Dithmenos.
  5334 | D:6      | Reached skill level 8 in Crossbows
  5421 | D:7      | Slain by an orc warrior

Illustrated notes

Levels and vault maps discovered:
D:1:      moated_graveyard_arrival, layout_loops_corners
D:2:      layout_loops_corners, nicolae_tso_swordbearing_angel,
          kennysheep_slug_shrine
D:3:      layout_loops_ring, old_standard_altar, uniq_terence, uniq_jessica
D:4:      layout_rooms, minmay_joined_circles
D:5:      lemuel_upstairs_altar, layout_loops_ring
D:6:      layout_loops_corners, hangedman_decor_growths
D:7:      layout_basic, grunt_dithmenos_smoke, temple_pool_b,
          hangedman_decor_lopped

Skill      XL: |  1  2  3  4  5  6  7  8 |
---------------+-------------------------+-----
Fighting       | 2 3 4 5 |  5.9
Dodging        | 3 |  3.3
Crossbows      | 5 6 7 8 |  8.1
Armour         | 1 2 3 5 6 |  6.1
Shields        | 1 3 |  3.8
Stealth        | |  1.2

Action                   |  1- 3 |  4- 6 |  7- 9 || total
-------------------------+-------+-------+-------++-------
Melee: Short sword       |    57 |       |       ||    57
       Dagger            |    27 |    21 |   129 ||   177
 Fire: Hand crossbow     |    28 |    67 |   141 ||   236
 Abil: Heal Wounds       |     1 |     3 |     5 ||     9
Evoke: Wand              |       |       |     5 ||     5
  Use: Scroll            |       |    13 |     3 ||    16
       Potion            |       |       |     2 ||     2
 Stab: Sleeping          |     2 |       |       ||     2
Armor: Leather armour    |    30 |     1 |       ||    31
       Ring mail         |       |     9 |    46 ||    55
       Chain mail        |       |       |    31 ||    31
Dodge: Dodged            |    56 |    18 |    64 ||   138
Block: Kite shield       |       |       |    21 ||    21

Table legend: (Time is in decaauts)
 A = Elapsed time spent in this place.
 B = Non-inter-level travel time spent in this place.
 C = Inter-level travel time spent in this place.
 D = Time resting spent in this place.
 E = Time spent auto-exploring this place.
 F = Levels seen in this place.
 G = Mean time per level.
                   A        B        C        D        E       F      G
               +--------+--------+--------+--------+--------+-----+--------+
         Total |   5449 |   5123 |    326 |    541 |   3368 |   7 |  778.4 |
       Dungeon |   5449 |   5123 |    326 |    541 |   3368 |   7 |  778.4 |
               +--------+--------+--------+--------+--------+-----+--------+

Top non-repeatable levels by time:
     D:6: 1325 daAuts
     D:1: 954 daAuts
     D:3: 883 daAuts
     D:2: 844 daAuts
     D:5: 776 daAuts
     D:4: 573 daAuts
     D:7: 91 daAuts
